[Event "Late-Titled-Tuesday-Blitz-August-29-2023"]
[Site "Chess.com"]
[Date "2023.08.29"]
[Round "7"]
[White "ural58"]
[Black "CheckBits"]
[Result "0-1"]
[WhiteElo "2516"]
[BlackElo "2422"]
[TimeControl "180+1"]
[EndTime "15:16:09 PDT"]
[Termination "CheckBits won on time"]

1. e4 e5 2. Nf3 Nc6 3. Bc4 Bc5 4. b4 Bxb4 5. c3 Ba5 6. d4 exd4 7. Qb3 Qf6 8. O-O Nge7 9. cxd4 O-O 10. e5 Qg6 11.
Nc3 Bb6 12. Be3 Na5 13. Qa4 Nxc4 14. Qxc4 d6 15. a4 a6 16. a5 d5 17. Qb4 Nc6 18.
Qa3 Ba7 19. Nxd5 Bg4 20. Nh4 Qh5 21. g3 Bxd4 22. Rae1 Bh3 23. Ng2 Nxe5 24. Ndf4 Nf3+ 25. Kh1 Bxg2+ 26. Kxg2 Nxe1+ 27. Rxe1 Qe5 28. Bd2 Qf6 0-1

[Event "Late-Titled-Tuesday-Blitz-August-29-2023"]
[Site "Chess.com"]
[Date "2023.08.29"]
[Round "7"]
[White "jamengrand"]
[Black "gunslinger222"]
[Result "1-0"]
[WhiteElo "2365"]
[BlackElo "2458"]
[TimeControl "180+1"]
[EndTime "15:16:09 PDT"]
[Termination "jamengrand won by checkmate"]

1. e4 e6 2. d4 d5 3. e5 c5 4.
c3 Nc6 5. Nf3 Qb6 6. Bd3 cxd4 7.
O-O Bd7 8. Re1 Nge7 9. a3 a5 10.
cxd4 Nf5 11. Nc3 Nce7 12. Na4 Qc6 13. Nc5 Nxd4 14. Nxd4 Qxc5 15. Be3 Qc8 16. Rc1 Nc6 17. Qg4 h5 18. Qg3 Qb8 19. f4 h4 20. Qg4 Nxd4 21.
Bxd4 b6 22. f5 h3 23. g3 Bc5 24. Rxc5 bxc5 25. Qxg7 Rf8 26. Bxc5 Kd8 27. Qxf8+ Be8 28. Qe7+ Kc8 29. Qxe8+ Kb7 30. Qb5+ Kc8 31. Qc6+ Kd8 32. Bb6+ Ke7 33. Qc5+ Ke8 34. Bb5# 1-0

[Event "Late-Titled-Tuesday-Blitz-August-29-2023"]
[Site "Chess.com"]
[Date "2023.08.29"]
[Round "7"]
[White "MusicCityMaster"]
[Black "ariosp"]
[Result "1-0"]
[WhiteElo "2454"]
[BlackElo "2250"]
[TimeControl "180+1"]
[EndTime "15:16:09 PDT"]
[Termination "MusicCityMaster won on time"]

1. e4 e5 2. d4 exd4 3. Qxd4 Nc6 4. Qe3 d6 5. Bd2 Nf6 6. c4 Be7 7. Nc3 O-O 8. O-O-O Re8 9. f3 Bf8 10. h4 Ne5 11. h5 c6 12. h6 g6 13. Kb1 Be6 14. b3 Qb6 15. Qg5 Be7 16. Na4 Qc7 17. Qg3 a6 18. Bc3 b5 19. Nc5 dxc5 20. Bxe5 Qa5 21.
Qf4 Nd7 22. Bb2 bxc4 23. Bxc4 Bxc4 24. Rxd7 Qe1+ 25. Kc2 Rad8 26. Qd2 Qxd2+ 27. Rxd2 Rxd2+ 28. Kxd2 Bf1 29. Rh2 Bg5+ 30. Ke1 Bd3 31. Ne2 f5 32. g3 fxe4 33. f4 Bd8 34. Kd2 1-0

[Event "Late-Titled-Tuesday-Blitz-August-29-2023"]
[Site "Chess.com"]
[Date "2023.08.29"]
[Round "7"]
[White "HalfIsCrayfish"]
[Black "jinxy2009"]
[Result "0-1"]
[WhiteElo "2503"]
[BlackElo "2353"]
[TimeControl "180+1"]
[EndTime "15:16:09 PDT"]
[Termination "jinxy2009 won by checkmate"]

1. d4 Nf6 2. c4 e6 3. Nf3 d5 4. Nc3 h6 5. Bf4 Bd6 6. Bxd6 Qxd6 7. e3 O-O 8. Bd3 dxc4 9. Bxc4 Qe7 10. O-O c5 11.
Qe2 Nc6 12. Rfd1 Rd8 13. Rac1 b6 14. d5 exd5 15. Nxd5 Nxd5 16. Rxd5 Bb7 17. Rcd1 Nb4 18. Rxd8+ Rxd8 19. Rxd8+ Qxd8 20. Qd2 Qxd2 21. Nxd2 Kf8 22.
Kf1 Ke7 23. f3 f6 24. Ke2 a6 25. a3 Nc6 26. Ba2 b5 27. Nb3 Kd6 28. Nc1 Ne5 29.
Nd3 Bd5 30. Bxd5 Kxd5 31. Nxe5 Kxe5 32. b3 Kd5 33. Kd2 a5 34. Kc3 b4+ 35. axb4 axb4+ 36. Kd3 f5 37. h4 g6 38. g3 h5 39. f4 Kd6 40.
Kc2 Kc6 41. Kd2 Kb5 42. Kd3 c4+ 43. bxc4+ Kc5 44. e4 fxe4+ 45. Kxe4 Kxc4 46. f5 gxf5+ 47. Kxf5 b3 48. g4 b2 49. gxh5 b1=Q+ 50. Kf6 Qh7 51. Kg5 Kd5 52. h6 Ke6 53. Kh5 Kf7 54. Kg5 Qg6+ 55.
Kf4 Qxh6+ 56. Kg3 Kg6 57. Kh2 Qxh4+ 58. Kg2 Qf4 59. Kg1 Kf5 60. Kh1 Qg4 61. Kh2 Kf4 62. Kh1 Kf3 63. Kh2 Qg2# 0-1

[Event "Late-Titled-Tuesday-Blitz-August-29-2023"]
[Site "Chess.com"]
[Date "2023.08.29"]
[Round "7"]
[White "Apocalyps999"]
[Black "Michalczak"]
[Result "0-1"]
[WhiteElo "2324"]
[BlackElo "2504"]
[TimeControl "180+1"]
[EndTime "15:16:10 PDT"]
[Termination "Michalczak won by resignation"]

1. e4 e5 2. Nf3 Nc6 3. Nc3 Nf6 4. a3 d5 5. exd5 Nxd5 6. Bb5 Nxc3 7. bxc3 Bd6 8. d4 exd4 9. cxd4 O-O 10. O-O Bg4 11. c3 Qf6 12. h3 Bxf3 13. Qxf3 Qxf3 14. gxf3 Ne7 15. Bd3 Nd5 16. c4 Nf4 17. Bxf4 Bxf4 18. Rab1 b6 19. Rfe1 Rad8 20. d5 Rd6 21. Re4 Rg6+ 22.
Kf1 Bd6 23. a4 a5 24. Rg4 Rh6 25. Kg2 f5 26. Rg5 g6 27. Kf1 Rxh3 28. Kg2 Rh4 29. Kf1 Kf7 30. Rg1 Rd4 31. Rd1 Re8 32. Rh1 h5 33.
Rh3 h4 34. Be2 Rxd1+ 35. Bxd1 g5 36. Bc2 Kf6 37. f4 Bxf4 38. c5 bxc5 39. Rc3 Bd6 40. Rb3 g4 41. Rb5 h3 42. Rxa5 Re1+ 43. Kxe1 h2 44.
Ra8 h1=Q+ 45. Ke2 Qf3+ 46. Kf1 g3 0-1

[Event "Late-Titled-Tuesday-Blitz-August-29-2023"]
[Site "Chess.com"]
[Date "2023.08.29"]
[Round "7"]
[White "I_am_Javi"]
[Black "GMBenjaminBok"]
[Result "0-1"]
[WhiteElo "2757"]
[BlackElo "2921"]
[TimeControl "180+1"]
[EndTime "15:16:11 PDT"]
[Termination "GMBenjaminBok won by resignation"]

1. e4 c5 2. Nf3 d6 3. d4 cxd4 4.
Nxd4 Nf6 5. Nc3 a6 6. Bc4 e6 7. Bb3 b5 8. f3 Nbd7 9. Be3 Nc5 10. Qd2 Bb7 11. g4 Be7 12. g5 Nfd7 13. a3 Qc7 14. Ba2 Ne5 15. h4 Rb8 16. O-O-O Ba8 17. b4 Na4 18. Nxa4 bxa4 19. Bxe6 fxe6 20. Nxe6 Qc4 21.
Nxg7+ Kd7 22. Nf5 Nxf3 23. Qf2 Bxe4 24. Nxd6 Bxd6 25. Bc5 Qa2 26. Rxd6+ Kc7 27. Kd1 Qb1+ 28. Ke2 Qxh1 29. Rf6 Rbe8 30. Bd6+ Kd7 31. Qa7+ Bb7+ 32. Be7 Rxe7+ 33. Kd3 Qd1+ 34. Kc4 Qd5+ 35. Kc3 Rc8+ 36. Kb2 Qd4+ 37. Qxd4+ Nxd4 0-1

[Event "Late-Titled-Tuesday-Blitz-August-29-2023"]
[Site "Chess.com"]
[Date "2023.08.29"]
[Round "7"]
[White "SergioMoralesG"]
[Black "Chemim21"]
[Result "0-1"]
[WhiteElo "2412"]
[BlackElo "2300"]
[TimeControl "180+1"]
[EndTime "15:16:12 PDT"]
[Termination "Chemim21 won on time"]

1. d4 d5 2. c4 e6 3. Nf3 c6 4.
e3 Nf6 5. Nc3 Nbd7 6. Qc2 dxc4 7. Bxc4 b5 8. Bd3 a6 9. e4 Bb7 10. O-O c5 11. e5 Bxf3 12. gxf3 cxd4 13. Nxb5 axb5 14. exf6 gxf6 15. Bxb5 Rb8 16. a4 Bd6 17. Qc6 Qc7 18. f4 Qxc6 19. Bxc6 Ke7 20. a5 Rhg8+ 21. Kh1 Rgc8 22. Bg2 Rc2 23. a6 d3 24. a7 d2 25.
axb8=Q Bxb8 26. Rd1 Bxf4 27. Bxd2 Bxd2 28. Ra7 Kd6 29.
Be4 Rxb2 30. Kg2 f5 31. Bf3 Ne5 32. Be2 f4 33. Kf1 f3 34. Ba6 Ng4 35. Kg1 Ke5 36. Bd3 Bf4 37. Ra5+ Kf6 38. h3 Nxf2 0-1

[Event "Late-Titled-Tuesday-Blitz-August-29-2023"]
[Site "Chess.com"]
[Date "2023.08.29"]
[Round "7"]
[White "zsoltkorpics"]
[Black "BozeKat"]
[Result "1/2-1/2"]
[WhiteElo "2371"]
[BlackElo "2107"]
[TimeControl "180+1"]
[EndTime "15:16:13 PDT"]
[Termination "Game drawn by repetition"]

1. e4 c6 2. Nf3 d5 3. Nc3 a6 4.
d4 Bg4 5. Be3 e6 6. h3 Bh5 7. e5 Nd7 8. Ne2 Bxf3 9. gxf3 Ne7 10. Ng3 Qb6 11. Rb1 Qa5+ 12. c3 Qxa2 13. b4 a5 14. b5 g6 15. Bd3 Nf5 16. Nxf5 gxf5 17. O-O Qa3 18. bxc6 bxc6 19. c4 Qe7 20. cxd5 Qh4 21.
Kh2 exd5 22. Bxf5 Nf6 23. Qa4 Bh6 24. Qxc6+ Kf8 25. exf6 Bf4+ 26. Bxf4 Qxf4+ 27. Kh1 Qxf3+ 28. Kh2 Qf4+ 29. Kh1 Qf3+ 30. Kh2 Qf4+ 31. Kg2 Rg8+ 32. Bg4 Rxg4+ 33. hxg4 Qxg4+ 34. Kh2 Qh4+ 35. Kg1 Qg4+ 36. Kh1 Qh3+ 37. Kg1 Qg4+ 38. Kh1 Qh3+ 39. Kg1 Qg4+ 1/2-1/2

[Event "Late-Titled-Tuesday-Blitz-August-29-2023"]
[Site "Chess.com"]
[Date "2023.08.29"]
[Round "7"]
[White "Hippotaner"]
[Black "NotFischer"]
[Result "0-1"]
[WhiteElo "2359"]
[BlackElo "2261"]
[TimeControl "180+1"]
[EndTime "15:16:13 PDT"]
[Termination "NotFischer won by checkmate"]

1. d4 Nf6 2. Nf3 g6 3. c4 Bg7 4. Nc3 d6 5. b3 O-O 6. Bb2 c6 7. e3 Bg4 8. Be2 Nbd7 9. O-O Qc7 10. h3 Bxf3 11. Bxf3 e5 12. d5 c5 13. e4 h5 14. Nb5 Qb6 15. a4 Ne8 16. a5 Qd8 17. a6 b6 18. g3 Bh6 19. Bg2 f5 20. Bc1 Bxc1 21. Qxc1 Kh7 22. exf5 gxf5 23. f4 e4 24. Qd1 Ndf6 25. Ra2 Rg8 26. Kh2 Qd7 27.
Rg1 Nc7 28. Nc3 Rg7 29. Bf1 Rag8 30. Rag2 Nxa6 31. Qa1 Nb4 32. Nd1 Qf7 33. Ne3 Ne8 34. Be2 a5 35. Qd1 h4 36. Bh5 Qf6 37. g4 fxg4 38.
Rxg4 Rxg4 39. Rxg4 Ng7 40. Bg6+ Kh6 41. Rg5 Qxf4+ 42.
Kh1 Qxg5 43. Bf7 Qxe3 44. Qg4 Qf3+ 45. Qxf3 exf3 46. Bxg8 Nf5 47. Kg1 Kg5 48. Kf2 Kf4 49. Be6 Nd4 50. Bg4 Nd3+ 51. Kg1 f2+ 52. Kf1 Nf5 53.
Be2 Ng3+ 54. Kg2 Nxe2 55. b4 Ng3 56. Kh2 f1=Q 57. b5 Qh1# 0-1

[Event "Late-Titled-Tuesday-Blitz-August-29-2023"]
[Site "Chess.com"]
[Date "2023.08.29"]
[Round "7"]
[White "ilya2700"]
[Black "Ajedrez_con_German"]
[Result "0-1"]
[WhiteElo "2137"]
[BlackElo "2667"]
[TimeControl "180+1"]
[EndTime "15:16:15 PDT"]
[Termination "Ajedrez_con_German won on time"]

1. c4 c6 2. d4 d5 3. Nf3 Nf6 4. Nc3 g6 5. cxd5 cxd5 6. h4 Bg7 7. Bf4 a6 8. e3 Nc6 9. Ne5 O-O 10. Bd3 Bd7 11.
h5 Nxh5 12. Rxh5 gxh5 13. Qxh5 f5 14. Nxd5 Nxe5 15. Bxe5 e6 16. Bxg7 Kxg7 17. Nf4 Qe8 18. Qg5+ Kh8 19. Ke2 Qf7 20. Rh1 Rg8 21. Qh4 Bb5 22.
Nxe6 Bxd3+ 23. Kxd3 Rac8 24. b3 f4 25. e4 Rg6 26. Ng5 Qc7 27. Qxh7+ Qxh7 28. Nxh7 Rxg2 29. f3 Rf2 30. Ng5+ Kg8 0-1

[Event "Late-Titled-Tuesday-Blitz-August-29-2023"]
[Site "Chess.com"]
[Date "2023.08.29"]
[Round "7"]
[White "ZuraTqebuchava"]
[Black "GMMikhailKazakov"]
[Result "1-0"]
[WhiteElo "2162"]
[BlackElo "2327"]
[TimeControl "180+1"]
[EndTime "15:16:15 PDT"]
[Termination "ZuraTqebuchava won by checkmate"]

1. e4 e5 2. Nf3 Nc6 3. Bb5 a6 4. Ba4 Nf6 5. O-O Be7 6. Re1 b5 7. Bb3 O-O 8. c3 d6 9. h3 Na5 10. Bc2 c5 11. d4 Nd7 12. dxe5 dxe5 13. a4 Bb7 14. axb5 axb5 15. Nbd2 Nc6 16. Rxa8 Qxa8 17. Qe2 c4 18. Nf1 Nf6 19. Ng3 Re8 20. Nf5 Bf8 21. Bg5 Nd7 22. Rd1 Nc5 23. Be3 Ne6 24. Ng5 Nxg5 25.
Bxg5 f6 26. Bh4 Nd8 27. Rd7 Bc8 28. Rd1 Ne6 29. Qg4 Kh8 30. Qh5 Bb7 31. Qf7 Qc8 32. Rd7 Nd8 33. Qxe8 Bc6 34. Qxf8# 1-0

[Event "Late-Titled-Tuesday-Blitz-August-29-2023"]
[Site "Chess.com"]
[Date "2023.08.29"]
[Round "7"]
[White "LastGladiator1"]
[Black "JoakimVonAnd"]
[Result "1-0"]
[WhiteElo "2908"]
[BlackElo "2737"]
[TimeControl "180+1"]
[EndTime "15:16:17 PDT"]
[Termination "LastGladiator1 won by resignation"]

1. f4 d5 2. Nf3 Nf6 3. g3 Bf5 4.
Bg2 e6 5. O-O Be7 6. d3 h6 7.
Qe1 O-O 8. Nc3 Bh7 9. e4 dxe4 10.
Nxe4 Nbd7 11. Qe2 Nc5 12. Nxc5 Bxc5+ 13. Kh1 c6 14. a4 a5 15. d4 Be7 16. c3 Be4 17. Be3 Qd5 18. Bg1 Rfd8 19. Rfd1 b5 20. axb5 cxb5 21. Re1 a4 22. Qd1 Rab8 23. Rxe4 Nxe4 24.
Nd2 f5 25. Nxe4 fxe4 26. Qe2 a3 27. bxa3 Qc4 28. Qxe4 Qxc3 29. Qxe6+ Kf8 30. Re1 Qxa3 31. d5 Qd6 32. Qf5+ Qf6 33. Qh7 b4 34. Re5 b3 35.
Rf5 b2 36. Be4 Rb4 37. Rxf6+ Bxf6 38. Bc5+ 1-0

[Event "Late-Titled-Tuesday-Blitz-August-29-2023"]
[Site "Chess.com"]
[Date "2023.08.29"]
[Round "7"]
[White "Garmendiarov"]
[Black "Fan_Of_Chucky"]
[Result "1-0"]
[WhiteElo "2345"]
[BlackElo "2501"]
[TimeControl "180+1"]
[EndTime "15:16:19 PDT"]
[Termination "Garmendiarov won on time"]

1. e4 c5 2. Nf3 a6 3. c3 d5 4. exd5 Qxd5 5. d4 Nf6 6. Nbd2 cxd4 7. Bc4 Qd6 8. Nxd4 b5 9. Be2 e6 10. Bf3 Ra7 11. O-O Be7 12. Re1 O-O 13. Ne4 Nxe4 14. Bxe4 Bb7 15. Bxb7 Rxb7 16. Qf3 Rd7 17. Bf4 Qc5 18.
Re5 Qb6 19. Rh5 Bf6 20. Be5 Bxe5 21. Rxe5 Rfd8 22. Rae1 Rd6 23. h4 Nd7 24. Rg5 Nf6 25. Qxf6 g6 26. h5 e5 27. Qe7 exd4 28. h6 Qb8 29. cxd4 Rxd4 30. Rge5 Rf8 31. Qf6 Qxe5 32. Qxe5 1-0

[Event "Late-Titled-Tuesday-Blitz-August-29-2023"]
[Site "Chess.com"]
[Date "2023.08.29"]
[Round "7"]
[White "MBA_CHESS_2021"]
[Black "YEIKO2017"]
[Result "0-1"]
[WhiteElo "2284"]
[BlackElo "2461"]
[TimeControl "180+1"]
[EndTime "15:16:19 PDT"]
[Termination "YEIKO2017 won on time"]

1. e4 c5 2. c4 Nc6 3. Nc3 g6 4. d3 Bg7 5. Be3 d6 6. f4 Nf6 7. Nf3 Bg4 8. Be2 Bxf3 9. Bxf3 O-O 10. O-O Ne8 11. Rb1 Nc7 12. Ne2 Ne6 13. a3 a5 14.
h3 Ned4 15. Kh1 a4 16. Nc3 Qa5 17. Bg4 e6 18. f5 Ne5 19. f6 Bh8 20. Bxd4 cxd4 21.
Nb5 Qb6 22. Qd2 Nd7 23. Qg5 Qc5 24. h4 Qe5 25. Rf3 Bxf6 26. Qd2 h5 27. Bh3 Bg7 28.
Rbf1 Nc5 29. g4 hxg4 30. Bxg4 f5 31. exf5 exf5 32. Bh3 Rae8 33. Bg2 Qe2 34. R1f2 Qxd2 35. Rxd2 Be5 36. Nc7 Rc8 37. Nb5 Kg7 38. Rf1 Rh8 39. Bxb7 Nxb7 40. Rg2 Rxh4+ 41. Kg1 Rch8 42. Kf2 Rf4+ 43.
Ke2 Rxf1 44. Kxf1 Rh1+ 45. Ke2 Rb1 46. Kf3 Kf7 47. Nc7 Nc5 48. Nd5 Nxd3 49. Rd2 Nc5 0-1

[Event "Late-Titled-Tuesday-Blitz-August-29-2023"]
[Site "Chess.com"]
[Date "2023.08.29"]
[Round "7"]
[White "CrushingKings"]
[Black "RCone"]
[Result "1-0"]
[WhiteElo "2572"]
[BlackElo "2441"]
[TimeControl "180+1"]
[EndTime "15:16:20 PDT"]
[Termination "CrushingKings won on time"]

1. Nf3 d6 2. d4 Nf6 3. g3 g6 4. b3 Bg7 5. Bb2 Nbd7 6. Bg2 Ne4 7. O-O Ndf6 8. Nfd2 Bf5 9. f3 Nxd2 10. Nxd2 d5 11. e4 dxe4 12. fxe4 Bg4 13. Qe1 O-O 14. e5 Nd5 15. Qe4 Be6 16. c4 Nb4 17. a3 Bf5 18.
Rxf5 gxf5 19. Qxf5 Nc6 20. d5 e6 21. Qh5 exd5 22.
cxd5 Ne7 23. Be4 Ng6 24. Nf3 f5 25. Ng5 h6 26. Ne6 Qe8 27. Nxg7 Kxg7 28. Bxf5 Rxf5 29. Qxf5 Kh7 30. Rf1 Rd8 31. e6 Qe7 32. Qf7+ Qxf7 33. Rxf7+ Kg8 34. Rg7+ Kf8 35. Rxg6 Rxd5 36. Bf6 Rd6 37.
e7+ Kf7 38. Rg7+ 1-0

[Event "Late-Titled-Tuesday-Blitz-August-29-2023"]
[Site "Chess.com"]
[Date "2023.08.29"]
[Round "7"]
[White "artin10862"]
[Black "FairChess_on_YouTube"]
[Result "1-0"]
[WhiteElo "2880"]
[BlackElo "3062"]
[TimeControl "180+1"]
[EndTime "15:16:21 PDT"]
[Termination "artin10862 won on time"]

1. Nf3 Nf6 2. c4 e6 3. Nc3 d5 4.
d4 Nbd7 5. cxd5 exd5 6. Bg5 c6 7. e3 h6 8. Bh4 g5 9. Bg3 Nh5 10. Bd3 Nxg3 11. hxg3 Bg7 12. Qc2 Nb6 13. b4 Qe7 14.
Rb1 g4 15. Nh4 Bxd4 16. O-O Bf6 17. Nf5 Bxf5 18. Bxf5 h5 19. e4 d4 20. Ne2 Be5 21. Nf4 Rd8 22. Nd3 h4 23. Bxg4 hxg3 24. f4 Bg7 25.
Bh3 Kf8 26. Rbe1 Rd6 27. Rf3 Rg6 28. e5 Rgh6 29. Rxg3 Nd5 30. Qc4 Rxh3 31. gxh3 Qh4 32. Kh2 Nxf4 33. Nxf4 Qxf4 34. Rf1 Qd2+ 35. Kh1 f6 36.
exf6 1-0

[Event "Late-Titled-Tuesday-Blitz-August-29-2023"]
[Site "Chess.com"]
[Date "2023.08.29"]
[Round "7"]
[White "Matibar"]
[Black "Orest_Vovk"]
[Result "0-1"]
[WhiteElo "2818"]
[BlackElo "2610"]
[TimeControl "180+1"]
[EndTime "15:16:21 PDT"]
[Termination "Orest_Vovk won on time"]

1. c4 g6 2. h4 Nf6 3. d4 Bg7 4. Nc3 d6 5. e4 a5 6. Be2 Na6 7.
h5 Nxh5 8. Bxh5 gxh5 9. Rxh5 c5 10. Be3 b6 11. f3 Nb4 12. Nge2 Ba6 13. b3 Nc6 14. d5 Ne5 15. a4 Qd7 16. Bh6 Bxh6 17. Rxh6 O-O-O 18. Qd2 Rdg8 19. Kf2 Rg6 20. Rah1 Rhg8 21.
R1h2 f5 22. Rxh7 fxe4 23. Nxe4 Qf5 24. Nf4 Rxg2+ 25. Nxg2 Qxf3+ 26. Kg1 Qxe4 27. Kh1 Nf3 28. Qd1 Nxh2 29. Rxh2 Kd8 30. Qe1 Qxe1+ 31. Nxe1 Rg3 32. Rb2 Bc8 33. Kh2 Rc3 34. Kg2 Bg4 35. Kf2 Bd1 36. Rd2 Bxb3 37. Nd3 Rc2 0-1

[Event "Late-Titled-Tuesday-Blitz-August-29-2023"]
[Site "Chess.com"]
[Date "2023.08.29"]
[Round "7"]
[White "burbur555"]
[Black "SchmakAttack"]
[Result "1/2-1/2"]
[WhiteElo "2580"]
[BlackElo "2775"]
[TimeControl "180+1"]
[EndTime "15:16:24 PDT"]
[Termination "Game drawn by repetition"]

1. c4 e6 2. g3 Nf6 3. Bg2 d5 4. Nf3 dxc4 5. Qa4+ Nbd7 6. Qxc4 c5 7. a4 Rb8 8. O-O b6 9. d4 Bb7 10. Nc3 Rc8 11. Bf4 a6 12. Rfd1 cxd4 13. Qxd4 Bc5 14.
Qd2 O-O 15. Bd6 Bxd6 16. Qxd6 Nc5 17. Ne5 Bxg2 18. Kxg2 h6 19. Nc6 Qxd6 20. Rxd6 Rc7 21. Ne5 Rb8 22. Rad1 Nfe4 23. Rd8+ Rxd8 24. Rxd8+ Kh7 25.
Nxe4 Nxe4 26. Rb8 Nc5 27. b3 Rb7 28. Rxb7 Nxb7 29. b4 a5 30. bxa5 bxa5 31. Nxf7 Nc5 32. Nd8 Nxa4 33. Nc6 Nc3 34. Nxa5 Nxe2 35. h4 Nd4 36.
Nc4 Kg6 37. f3 h5 38. g4 hxg4 39. fxg4 Kf6 40. Kg3 e5 41. Nd6 Ke6 42. Ne4 Ne2+ 43.
Kf3 Nf4 44. h5 Nh3 45. Kg3 Nf4 46. Kf3 Nh3 47. Kg3 Nf4 48. Kf3 1/2-1/2

[Event "Late-Titled-Tuesday-Blitz-August-29-2023"]
[Site "Chess.com"]
[Date "2023.08.29"]
[Round "7"]
[White "rochaaaaaaaaaa"]
[Black "Alexei_Gubajdullin"]
[Result "0-1"]
[WhiteElo "2247"]
[BlackElo "2612"]
[TimeControl "180+1"]
[EndTime "15:16:24 PDT"]
[Termination "Alexei_Gubajdullin won by checkmate"]

1. e4 g6 2. d4 d6 3. Nc3 a6 4.
Nf3 Bg7 5. Be3 b5 6. Bd3 Bb7 7. h4 h6 8. e5 e6 9. a4 b4 10.
Ne4 Ne7 11. exd6 cxd6 12. Bf4 Nf5 13. g4 Bxe4 14. Bxe4 d5 15. gxf5 dxe4 16. fxg6 exf3 17. gxf7+ Kf8 18. Qxf3 Ra7 19. O-O-O Rxf7 20. Qg3 Nc6 21. Rhg1 Nxd4 22. Bd6+ Ke8 23. Rge1 Qc8 24. Qg6 Qc4 25. Rxd4 Qxd4 26. Qxe6+ Kd8 27. Be7+ Rxe7 28. Qxe7+ Kc8 29. Qe6+ Kb8 30. Re4 Qxb2+ 31. Kd1 Rd8+ 32. Ke2 Bd4 33. Kf3 Qc3+ 34. Kg2 Qc5 35. f4 Qxc2+ 36. Kh3 Qd3+ 37. Kg4 Qd1+ 38. Kf5 Qh5# 0-1

[Event "Late-Titled-Tuesday-Blitz-August-29-2023"]
[Site "Chess.com"]
[Date "2023.08.29"]
[Round "7"]
[White "The_Straightforward_Rook"]
[Black "Thjop"]
[Result "1-0"]
[WhiteElo "2509"]
[BlackElo "2675"]
[TimeControl "180+1"]
[EndTime "15:16:29 PDT"]
[Termination "The_Straightforward_Rook won by resignation"]

1. d4 d5 2. Nf3 Nf6 3. c4 c6 4. cxd5 cxd5 5. Nc3 Nc6 6. Bf4 Bf5 7. Qb3 Na5 8. Qa4+ Bd7 9. Qc2 Nc4 10. e3 Rc8 11. Bd3 e6 12. O-O Bd6 13. Bg5 h6 14. Bh4 g5 15.
Bg3 Qc7 16. Rfc1 Bxg3 17. hxg3 h5 18. Bxc4 dxc4 19. Nxg5 h4 20. Nce4 Nxe4 21. Nxe4 hxg3 22. Qxc4 gxf2+ 23. Kxf2 Qxc4 24. Rxc4 Rxc4 25. Nd6+ Ke7 26. Nxc4 Bc6 27. Ne5 Be4 28. Rc1 Rg8 29. Nf3 Kd6 30. b4 f6 31. a3 a5 32. bxa5 Ra8 33. Rc5 Ra6 34. Nd2 Bc6 35. Nc4+ Ke7 36. Nb6 Kd6 37. g4 e5 38. Kg3 exd4 39. exd4 Be4 40. Kf4 Bb1 41.
Kg3 Bd3 42. Kh4 Ke6 43. Kh5 Kf7 44. Kh4 Bb1 45. Kg3 Ke6 46. Kf4 Kd6 47. Rc8 Ke6 48. Re8+ Kf7 49. Rb8 Rxa5 50. Rxb7+ Ke6 51. d5+ Kd6 52. Nc4+ 1-0

[Event "Late-Titled-Tuesday-Blitz-August-29-2023"]
[Site "Chess.com"]
[Date "2023.08.29"]
[Round "7"]
[White "Eloist"]
[Black "giomar27"]
[Result "1-0"]
[WhiteElo "2451"]
[BlackElo "2263"]
[TimeControl "180+1"]
[EndTime "15:16:30 PDT"]
[Termination "Eloist won on time"]

1. e4 e5 2. Nf3 d5 3. exd5 e4 4. Qe2 Nf6 5. d3 Bb4+ 6. c3 O-O 7.
cxb4 exf3 8. Qxf3 Re8+ 9. Be3 Nxd5 10. Nc3 Nxb4 11. O-O-O N8c6 12. a3 Na6 13. d4 Ne7 14.
Bc4 Be6 15. d5 Bf5 16. d6 cxd6 17. Qxb7 Nc7 18. Bxa7 Ne6 19. Rhe1 Qc8 20. Qxc8 Rexc8 21. Bxe6 fxe6 22. Bd4 d5 23. f3 h5 24. h3 h4 25. Bf2 g5 26. Be3 Rc4 27. Bxg5 Ng6 28. Kd2 Rb8 29. b4 d4 30. Ne4 Rbc8 31. Rc1 Ne5 32.
Nd6 Rxc1 33. Rxc1 Rxc1 34. Kxc1 Nd3+ 35. Kd2 Nb2 36. Nxf5 exf5 37. Bxh4 Nc4+ 38. Kd3 Nxa3 39. Kxd4 Nc2+ 40. Kc5 1-0

[Event "Late-Titled-Tuesday-Blitz-August-29-2023"]
[Site "Chess.com"]
[Date "2023.08.29"]
[Round "7"]
[White "Haykoooo0o"]
[Black "S-Fazulyanov"]
[Result "0-1"]
[WhiteElo "2463"]
[BlackElo "2630"]
[TimeControl "180+1"]
[EndTime "15:16:31 PDT"]
[Termination "S-Fazulyanov won on time"]

1. d4 d5 2. Nf3 c6 3. Bf4 Nf6 4. Nbd2 a6 5. c4 b5 6. cxd5 cxd5 7. e3 e6 8. Bd3 Bd6 9. Bxd6 Qxd6 10. Ne5 O-O 11.
O-O Bb7 12. Rc1 Nbd7 13. f4 Ne4 14. Nxd7 Qxd7 15. Bxe4 dxe4 16. Nb3 Bd5 17. Nc5 Qd6 18. a3 a5 19. Qd2 Rfb8 20. b3 b4 21. axb4 Rxb4 22. Ra1 Qb6 23. Rfc1 h6 24. Ra3 Bxb3 25.
Rb1 a4 26. Nxb3 Rb8 27. Qc2 Rxb3 28. Raxb3 axb3 29. Qxe4 b2 30. Qd3 Rc8 31. h3 Rc1+ 32.
Kh2 Rxb1 33. Qxb1 Qb3 34. e4 Qc3 35. d5 Qc1 0-1

[Event "Late-Titled-Tuesday-Blitz-August-29-2023"]
[Site "Chess.com"]
[Date "2023.08.29"]
[Round "7"]
[White "Lion_DL"]
[Black "FredddieCroderg"]
[Result "1-0"]
[WhiteElo "2500"]
[BlackElo "2308"]
[TimeControl "180+1"]
[EndTime "15:16:33 PDT"]
[Termination "Lion_DL won on time"]

1. d4 g6 2. c4 Bg7 3. Nc3 c5 4.
d5 Bxc3+ 5. bxc3 f5 6. Nf3 Nf6 7. g3 Qa5 8. Qc2 Ne4 9. Bd2 d6 10.
Bg2 e6 11. Ng5 Nxg5 12. Bxg5 e5 13. h4 h6 14. Bd2 Qa6 15. Qb3 Nd7 16. O-O Nb6 17.
Qb5+ Kf7 18. a4 Nxc4 19. Bc1 Qxb5 20. axb5 Bd7 21. Rb1 Rhg8 22. Bxh6 e4 23. Rfd1 Na3 24. Rb3 Nxb5 25. c4 Nd4 26. Rxb7 Ke8 27. e3 Nc2 28. Bf4 Ke7 29. Rc1 Nb4 30. Ra1 a5 31. Bg5+ Ke8 32. Bf4 Ke7 33. Bg5+ Ke8 34. Bf4 a4 35.
Bxd6 a3 36. Bxc5 Nc2 37. Ra2 Ba4 38. Bxa3 Bd7 39. Rxc2 Rxa3 40. Rb8+ 1-0

[Event "Late-Titled-Tuesday-Blitz-August-29-2023"]
[Site "Chess.com"]
[Date "2023.08.29"]
[Round "7"]
[White "ameetghasi100"]
[Black "Walter_White_Poland"]
[Result "1-0"]
[WhiteElo "2641"]
[BlackElo "2357"]
[TimeControl "180+1"]
[EndTime "15:16:35 PDT"]
[Termination "ameetghasi100 won on time"]

1. b3 e5 2. Bb2 Nc6 3. e3 a6 4. c4 Nf6 5. Nc3 Be7 6. g4 O-O 7. g5 Ne8 8. h4 b5 9. d3 Bb7 10.
Bg2 Nd6 11. Nd5 Re8 12. Ne2 Bf8 13. Ng3 Nb4 14. a3 Nxd5 15. cxd5 c6 16. dxc6 Bxc6 17.
Bxc6 dxc6 18. Rc1 Rc8 19. Qg4 c5 20. h5 c4 21. dxc4 bxc4 22. bxc4 Qb6 23. Ba1 Rxc4 24.
Rxc4 Qb1+ 25. Ke2 Qa2+ 26. Kf3 Nxc4 27. g6 Nd2+ 28. Kg2 Qd5+ 29. e4 Qd3 30. gxf7+ Kxf7 31. Rd1 Rd8 32. Bxe5 Qd7 33. Qxd7+ Rxd7 34. Bf4 Bxa3 35. Rxd2 Rxd2 36. Bxd2 Bd6 37. f4 Ke6 38. Kf3 Bc7 39. e5 a5 40. Ke4 a4 41. Bb4 g6 42.
hxg6 hxg6 43. Ne2 Bb6 44. Nc3 1-0

[Event "Late-Titled-Tuesday-Blitz-August-29-2023"]
[Site "Chess.com"]
[Date "2023.08.29"]
[Round "7"]
[White "MikeSailer"]
[Black "JerMorGurgeh"]
[Result "1-0"]
[WhiteElo "2193"]
[BlackElo "2395"]
[TimeControl "180+1"]
[EndTime "15:16:35 PDT"]
[Termination "MikeSailer won on time"]

1. d4 e6 2. Bf4 c5 3. e3 Nf6 4. Nc3 a6 5. Nf3 d5 6. Be2 Nc6 7. O-O Bd6 8. Ne5 Qc7 9. Nxc6 bxc6 10. Bxd6 Qxd6 11. dxc5 Qxc5 12. Na4 Qa7 13. c4 O-O 14.
Rc1 Rb8 15. b3 Re8 16. Qc2 e5 17. Rfd1 h6 18. cxd5 cxd5 19. Qc7 Rb7 20. Qxc8 Rxc8 21. Rxc8+ Kh7 22. Rdc1 g6 23. h3 Rd7 24. R1c6 Ne4 25.
Rxa6 Qb7 26. Raa8 Qb4 27. Rc1 Qd2 28. Rcc8 Qxe2 29. Nb6 Qxf2+ 30. Kh1 Qe1+ 31. Kh2 Qg3+ 32. Kh1 Nf2+ 33. Kg1 Rb7 34. Nxd5 h5 35. Rh8+ 1-0